 Dungeon Crawl Stone Soup version 0.31.0-9-g3a7656b989 (webtiles) character file.

Game seed: 1618572359412615515

102 qw the Shooter (level 4, 0/22 HPs)
             Began as a Spriggan Hunter on Feb 2, 2024.
             Slain by a goblin
             ... wielding a +0 club
             ... led by Robin
              (2 damage)
             ... on level 2 of the Dungeon.
             The game lasted 00:00:03 (875 turns).

qw the Shooter (Spriggan Hunter)                     Turns: 875, Time: 00:00:04

Health: 0/22       AC:  2    Str:  7    XL:     4   Next: 49%
Magic:  5/5        EV: 20    Int: 10    God:
Gold:   71         SH:  0    Dex: 20    Spells: 3/3 levels left

rFire   . . .        a - +0 shortbow
rCold   . . .        (shield currently unavailable)
rNeg    . . .        c - +0 robe
rPois   .            (helmet restricted)
rElec   .            (no cloak)
rCorr   .            (gloves unavailable)
SInv    +            (boots unavailable)
Will    .....        (no amulet)
Stlth   ++           (no ring)
HPRegen 0.23/turn    (no ring)
MPRegen 0.09/turn

%: no passive effects
@: very quick
A: very small, no large weapons, unfitting armour, see invisible, speed 3
a: no special abilities


You were on level 2 of the Dungeon.
You visited 1 branch of the dungeon, and saw 2 of its levels.

You collected 71 gold pieces.


Innate Abilities, Weirdness & Mutations

You are very small and have problems with some larger weapons.
You are too small for most types of armour.
You have supernaturally acute eyesight. (SInv)
You cover ground extremely quickly. (Speed+++)


   Skills:
 - Level 1.5 Fighting
 - Level 5.0 Ranged Weapons
 + Level 4.9 Dodging
 - Level 1.5 Stealth


You had 3 spell levels left.
You didn't know any spells.
Your spell library was empty.

Inventory:

Hand Weapons
 a - a +0 shortbow (weapon)
Armour
 c - a +0 robe (worn)
Wands
 h - a wand of flame (18)
Scrolls
 b - a scroll of poison {unknown}
 f - a scroll of acquirement {unknown}
 g - a scroll of revelation {unknown}
Potions
 d - a potion of might
 e - 2 potions of mutation {unknown}
 i - a potion of lignification {unknown}

Dungeon Overview and Level Annotations

Branches:
Dungeon (2/15)

Altars:

Annotations:
D:2 Robin


Message History

You kill the hobgoblin!
The goblin hits you with a +0 dagger.
You shoot an arrow. The arrow barely misses the goblin.
The goblin closely misses you. x2
You shoot an arrow. The arrow completely misses the goblin.
The goblin hits you with a +0 club. The rat bites you. The goblin misses you.
You shoot an arrow. The arrow hits the goblin.
The goblin is severely wounded.
The goblin hits you with a +0 club. The rat bites you but does no damage.
You shoot an arrow. The arrow hits the goblin!
You kill the goblin!
The goblin misses you. The rat closely misses you.
The goblin closely misses you.
You shoot an arrow. The arrow hits the rat.
You kill the rat!
The goblin completely misses you. x3; The goblin closely misses you.
The goblin hits you but does no damage. The goblin misses you.
You shoot an arrow.
The arrow hits Robin but does no damage.
The goblin no longer looks unusually strong. x2
The goblin closely misses you. Robin throws the goblin at you!
The goblin hits you with a +0 club. The goblin hits you with a +0 dagger.
You shoot an arrow. The arrow hits Robin.
Robin is moderately wounded.
The goblin misses you. The goblin hits you with a +0 club.
Robin roars a battlecry!
The goblins go into a battle-frenzy!
The goblin misses you.
You shoot an arrow.
The arrow hits Robin but does no damage.
Robin is moderately wounded.
The goblin completely misses you. x2; Robin hits you with a +0 dagger.
The goblin closely misses you.
You shoot an arrow. The arrow barely misses Robin.
The goblin barely misses you. The goblin hits you with a +0 club.
Robin completely misses you. The goblin hits you with a +0 dagger.
You shoot an arrow. The arrow hits Robin.
Robin is heavily wounded.
The goblin completely misses you. The goblin hits you with a +0 club.
You die...

..#..............#
........)........#
.###.............#
.####............#
....##....##.##..#
.##..##..........#
......#.###......#
.........#####..g##
#####....######g@)#
.####..........g.g.$...#
.....%..........%.##...#
...##.####.###...... ...
##....####.# #....... ..
###%......# #...#.#.. #
##.#######.......).
#####.# ###..##......#
......####........#


You could see Robin and 3 goblins.

Vanquished Creatures
  Jessica (D:2)
  Terence (D:2)
  An adder (D:2)
  A dart slug (D:2)
  A ball python (D:1)
  5 endoplasms
  9 goblins
  4 hobgoblins
  2 kobolds (D:1)
  2 quokkas (D:1)
  3 bats
  A frilled lizard (D:1)
  5 rats
36 creatures vanquished.

Notes
Turn   | Place    | Note
-------+----------+-------------------------------------------
     0 | D:1      | qw the Spriggan Hunter began the quest for the Orb.
     0 | D:1      | Reached XP level 1. HP: 10/10 MP: 2/2
     0 | D:1      | 0 ||| qw: Version: 0.3-a-155-g5e7d8dd
     0 | D:1      | 0 ||| qw: Game counter: 2210
     0 | D:1      | 0 ||| qw: Melee chars always use a shield: true
     0 | D:1      | 0 ||| qw: God list: Okawaru
     0 | D:1      | 0 ||| qw: Allow faded altars: false
     0 | D:1      | 0 ||| qw: Do Orc after clearing Dungeon:15 true
     0 | D:1      | 0 ||| qw: Do second Lair branch before Depths: true
     0 | D:1      | 0 ||| qw: Lair rune preference: random
     0 | D:1      | 0 ||| qw: Goals: Normal
     0 | D:1      | 0 ||| PLANNING D:1-11
    22 | D:1      | Reached skill level 3 in Dodging
   173 | D:1      | Reached XP level 2. HP: 14/14 MP: 3/3
   571 | D:1      | 571 ||| READING scroll labelled ZEMMEHO YGEN.
   571 | D:1      | 571 ||| IDENTIFYING sapphire potion
   572 | D:1      | 572 ||| READING scroll labelled JAWIFAVINI.
   573 | D:1      | 573 ||| READING scroll labelled IPRE NUH QONUMP.
   573 | D:1      | 573 ||| ENCHANTING +0 shortbow.
   574 | D:1      | 574 ||| DRINKING 2 dark potions.
   575 | D:1      | 575 ||| DROPPING scroll of butterflies.
   576 | D:1      | 576 ||| DROPPING potion of attraction.
   640 | D:2      | Reached XP level 3. HP: 17/18 MP: 4/4
   710 | D:2      | Noticed Jessica
   719 | D:2      | Killed Jessica
   720 | D:2      | Reached skill level 5 in Ranged Weapons
   792 | D:2      | Noticed Terence
   800 | D:2      | Killed Terence
   801 | D:2      | Reached XP level 4. HP: 22/22 MP: 5/5
   860 | D:2      | Noticed Robin
   874 | D:2      | HP: 5/22 [goblin/+0 club[Robin] (2)]
   874 | D:2      | HP: 2/22 [goblin/+0 dagger[Robin] (3)]
   875 | D:2      | Slain by a goblin

Levels and vault maps discovered:
D:1:      dpeg_arrival_windows_large_door, layout_loops_cross
D:2:      minmay_wonky_spiral, layout_rooms, uniq_terence, uniq_jessica,
          uniq_robin

Skill      XL: |  1  2  3 |
---------------+----------+-----
Dodging        | 3 4 |  4.9
Ranged Weapons | 5 |  5.0
Fighting       | |  1.5
Stealth        | |  1.5

Action                     |  1- 3 |  4- 6 || total
---------------------------+-------+-------++-------
   Fire: Shortbow          |    81 |    24 ||   105
    Use: Scroll            |     3 |       ||     3
         Potion            |     1 |       ||     1
 Armour: Robe              |     9 |    15 ||    24
  Dodge: Dodged            |    27 |    23 ||    50

Table legend:
 A = Non-vault XP
 B = Vault XP
 C = Vault XP percentage of total XP
 D = Non-vault monster count
 E = Vault monster count
 F = Vault count percentage of total count
                 A         B        C        D         E       F
            +---------+---------+-------+---------+---------+-------
      Total |      57 |      89 |  61.0 |      26 |      10 |  27.8
            +---------+---------+-------+---------+---------+-------
        D:1 |      31 |       0 |   0.0 |      18 |       0 |   0.0
        D:2 |      26 |      89 |  77.4 |       8 |      10 |  55.6
            +---------+---------+-------+---------+---------+-------
